 Dungeon Crawl Stone Soup version 0.27-a0-978-g2aa4ecdaef (webtiles) character file.

Game seed: 15677089674635812755

454 tardwrangler69 the Digger (level 6, -2/45 HPs)
             Began as a Draconian Earth Elementalist on Apr 14, 2021.
             Slain by a hornet zombie (13 damage)
             ... on level 5 of the Dungeon.
             The game lasted 00:04:56 (4751 turns).

tardwrangler69 the Digger (DrEE)                    Turns: 4751, Time: 00:04:56

Health: -2/45      AC:  8    Str: 11    XL:     6   Next: 76%
Magic:  0/12       EV: 12    Int: 17    God:
Gold:   95         SH:  0    Dex: 11    Spells: 7/13 levels left

rFire    . . .     SeeInvis .   c - +1 whip (venom)
rCold    . . .     Faith    .   (no shield)
rNeg     . . .     Spirit   .   (armour unavailable)
rPois    .         Reflect  .   g - +1 hat
rElec    .         Harm     .   i - +0 cloak
rCorr    .         Rampage  .   (no gloves)
Will     .....                  (no boots)
Stlth    ++........             p - amulet of the acrobat
HPRegen  0.15/turn              (no ring)
MPRegen  0.13/turn              (no ring)

@: no status effects
A: AC +6, unfitting armour, cold-blooded
a: no special abilities


You were on level 5 of the Dungeon.
You visited 1 branch of the dungeon, and saw 5 of its levels.

You collected 95 gold pieces.

Inventory:

Hand Weapons
 c - a +1 whip of venom (weapon)
Missiles
 b - 94 stones
 j - a throwing net
Armour
 g - a +1 hat (worn)
 i - a +0 cloak (worn)
Jewellery
 p - an amulet of the acrobat (around neck)
 q - an amulet of faith
Wands
 k - a wand of digging (3)
 w - a wand of iceblast (7)
Scrolls
 a - 4 scrolls of acquirement {unknown}
 f - 2 scrolls of enchant armour {unknown}
 h - 2 scrolls of noise {unknown}
 o - 4 scrolls of identify {unknown}
 s - a scroll of vulnerability {unknown}
 t - a scroll of summoning {unknown}
 u - a scroll of amnesia {unknown}
 v - a scroll of teleportation {unknown}
 y - a scroll of torment {unknown}
Potions
 d - 3 potions of curing {unknown}
 e - a potion of attraction {unknown}
 l - a potion of might {unknown}
 m - a potion of brilliance {unknown}
 n - a potion of resistance {unknown}
 x - a potion of heal wounds {unknown}
Miscellaneous
 r - a piece from Xom's chessboard (15/15)


   Skills:
 - Level 1.7 Dodging
 - Level 1.7 Stealth
 + Level 4.1 Spellcasting
 - Level 1.0 Transmutations
 * Level 6.5 Earth Magic


You had 7 spell levels left.
You knew the following spells:

 Your Spells              Type           Power      Damage    Failure   Level
a - Sandblast             Erth           50%        2d12      1%          1
b - Stone Arrow           Conj/Erth      28%        3d8       12%         3
c - Passwall              Tmut/Erth      13%        N/A       4%          2

Your spell library contained the following spells:

 Spells                   Type           Power      Damage    Failure   Level
 Lee's Rapid Deconstruct  Erth           12%        3d10*     28%         5
 Petrify                  Tmut/Erth      16%        N/A       32%         4


Dungeon Overview and Level Annotations

Branches:
Dungeon (5/15)
 Temple: D:4-7

Altars:
Elyvilon
Hepliaklqana
Okawaru
Wu Jian
Xom


Innate Abilities, Weirdness & Mutations

Your plain brown scales are hard. (AC +6)
You cannot fit into any form of body armour.
You are cold-blooded and may be slowed by cold attacks.


Message History

The hornet zombie is severely damaged.
The hornet zombie hits you but does no damage.
The hornet zombie barely misses you.
Casting: Sandblast (safe; 1% risk of failure)
Confirm with . or Enter, or press ? or * to list all spells.
Aiming: Sandblast (safe; 1% risk of failure)
Press: ? - help, Shift-Dir - straight line, f/p - hornet zombie
Aim: a hornet zombie (severely damaged, 17% to evade)
The blast of sand hits the hornet zombie.
The hornet zombie is severely damaged.
The hornet zombie hits you but does no damage.
Casting: Sandblast (safe; 1% risk of failure)
Confirm with . or Enter, or press ? or * to list all spells.
Aiming: Sandblast (safe; 1% risk of failure)
Press: ? - help, Shift-Dir - straight line, f/p - hornet zombie
Aim: a hornet zombie (severely damaged, 17% to evade)
The blast of sand hits the hornet zombie but does no damage.
The hornet zombie is severely damaged.
The hornet zombie misses you.
You barely miss the hornet zombie.
The hornet zombie is severely damaged.
The hornet zombie hits you. The hornet zombie hits you!
* * * LOW HITPOINT WARNING * * *
Casting: Sandblast (safe; 1% risk of failure)
Confirm with . or Enter, or press ? or * to list all spells.
Aiming: Sandblast (safe; 1% risk of failure)
Press: ? - help, Shift-Dir - straight line, f/p - hornet zombie
Aim: a hornet zombie (severely damaged, 17% to evade)
The blast of sand hits the hornet zombie but does no damage.
The hornet zombie is severely damaged.
The hornet zombie barely misses you.
Casting: Sandblast (safe; 1% risk of failure)
Confirm with . or Enter, or press ? or * to list all spells.
Aiming: Sandblast (safe; 1% risk of failure)
Press: ? - help, Shift-Dir - straight line, f/p - hornet zombie
Aim: a hornet zombie (severely damaged, 17% to evade)
The blast of sand hits the hornet zombie!
The hornet zombie is almost destroyed.
The hornet zombie hits you!
You die...

##################
.....[...........#
################.#
#@# ## #Z# .# #Z#
.# #......# .#
#......# .###
#......# ...+
#....... ####
#........ ....
#......#.#


You could see a hornet zombie and a hound skeleton.

Vanquished Creatures
  2 ogres (D:4)
  A scorpion (D:4)
  2 hounds
  An orc wizard (D:3)
  2 hound skeletons
  2 howler monkey skeletons
  An adder (D:2)
  An adder skeleton (D:4)
  A worm (D:5)
  A dart slug (D:2)
  8 orcs
  4 ball pythons
  6 endoplasms
  5 giant cockroaches
  7 goblins
  A hobgoblin (D:2)
  3 jackals (D:1)
  5 quokkas
  9 bats
  3 frilled lizards
  7 kobolds
  4 rats
76 creatures vanquished.

Notes
Turn   | Place    | Note
-------+----------+-------------------------------------------
     0 | D:1      | tardwrangler69 the Draconian Earth Elementalist began the
                  | quest for the Orb.
     0 | D:1      | Reached XP level 1. HP: 14/14 MP: 3/3
   611 | D:1      | Reached XP level 2. HP: 17/20 MP: 5/5
   792 | D:1      | Found a faded altar of an unknown god.
  1304 | D:2      | Reached XP level 3. HP: 25/26 MP: 6/6
  1316 | D:2      | Reached skill level 4 in Earth Magic
  2464 | D:3      | Found an ornate altar of the Wu Jian Council.
  2641 | D:3      | Found a shimmering altar of Xom.
  2704 | D:3      | Reached XP level 4. HP: 12/33 MP: 1/8
  3095 | D:3      | Found an iron altar of Okawaru.
  3660 | D:4      | Learned a level 3 spell: Stone Arrow
  3663 | D:4      | Learned a level 2 spell: Passwall
  3678 | D:4      | Noticed a scorpion
  3698 | D:4      | Killed a scorpion
  3699 | D:4      | Reached skill level 5 in Earth Magic
  3699 | D:4      | Reached XP level 5. HP: 20/38 MP: 3/9
  4068 | D:4      | Noticed an ogre
  4076 | D:4      | Killed an ogre
  4077 | D:4      | Reached XP level 6. HP: 29/45 MP: 4/11
  4192 | D:4      | Reached skill level 6 in Earth Magic
  4329 | D:4      | Found a white marble altar of Elyvilon.
  4523 | D:4      | Found a hazy altar of Hepliaklqana.
  4578 | D:5      | Entered Level 5 of the Dungeon
  4751 | D:5      | Slain by a hornet zombie

Illustrated notes

Levels and vault maps discovered:
D:1:      minmay_arrival_split_and_join, layout_basic,
          hellmonk_ecumenical_altar_pennies_from_heaven
D:2:      layout_basic
D:3:      layout_loops_ring, xom_butterflies, okawaru_trees_1,
          old_standard_altar, serial_bayou_crossing
D:4:      layout_cave_pools, elyvilon_altar_4, nicolae_hepliaklqana_hippocampus
D:5:      cheibrodos_barr_body, layout_basic, general_overflow_altar,
          kennysheep_another_room

Skill      XL: |  1  2  3  4  5  6 |
---------------+-------------------+-----
Earth Magic    | 4 5 6 |  6.5
Spellcasting   | 3 4 |  4.1
Dodging        | |  1.7
Stealth        | |  1.7
Transmutations | |  1.0

Action                   |  1- 3 |  4- 6 || total
-------------------------+-------+-------++-------
Melee: Unarmed           |    26 |       ||    26
       Whip              |   140 |    67 ||   207
       Tailslap          |    13 |     9 ||    22
 Cast: Sandblast         |    11 |    41 ||    52
 Stab: Sleeping          |     5 |     2 ||     7
Armor: Skin              |    81 |    27 ||   108
Dodge: Dodged            |   135 |    45 ||   180

Table legend: (Time is in decaauts)
 A = Elapsed time spent in this place.
 B = Non-inter-level travel time spent in this place.
 C = Inter-level travel time spent in this place.
 D = Time resting spent in this place.
 E = Time spent auto-exploring this place.
 F = Levels seen in this place.
 G = Mean time per level.
                   A        B        C        D        E       F      G
               +--------+--------+--------+--------+--------+-----+--------+
         Total |   4787 |   4664 |    123 |    393 |   3525 |   5 |  957.4 |
       Dungeon |   4787 |   4664 |    123 |    393 |   3525 |   5 |  957.4 |
               +--------+--------+--------+--------+--------+-----+--------+

Top non-repeatable levels by time:
     D:1: 1447 daAuts
     D:3: 1404 daAuts
     D:2: 1021 daAuts
     D:4: 739 daAuts
     D:5: 174 daAuts
